 Dungeon Crawl Stone Soup version 0.29-a0-371-g91724d5b39 (webtiles) character file.

Game seed: 18150034860345323836

695 zeratav the Archer (level 7, -4/40 HPs)
             Began as a Tengu Hunter on May 2, 2022.
             Was an Initiate of Fedhas.
             Shot with an arrow by a centaur (7 damage)
             ... on level 5 of the Dungeon.
             The game lasted 00:06:04 (4078 turns).

zeratav the Archer (Tengu Hunter)                   Turns: 4078, Time: 00:06:04

Health: -4/40      AC:  6    Str: 12    XL:     7   Next: 64%
Magic:  8/8        EV: 15    Int:  9    God:    Fedhas [......]
Gold:   216        SH:  0    Dex: 19    Spells: 6/6 levels left

rFire   . . .      SeeInvis .   a - +1 shortbow {bow}
rCold   . . .      Faith    .   (shield currently unavailable)
rNeg    . . .      Spirit   .   A - +2 robe {Will+}
rPois   .          Reflect  .   m - +2 hat
rElec   .          Harm     .   (no cloak)
rCorr   .          Rampage  .   (no gloves)
Will    +....                   (boots unavailable)
Stlth   ++........              (no amulet)
HPRegen 0.13/turn               (no ring)
MPRegen 0.11/turn               (no ring)

@: flying quickly and evasively, quick
A: beak, talons 3, nimble flight
a: Renounce Religion


You were on level 5 of the Dungeon.
You worshipped Fedhas.
Fedhas was noncommittal.
You visited 1 branch of the dungeon, and saw 5 of its levels.

You collected 227 gold pieces.
You spent 11 gold pieces at shops.


Innate Abilities, Weirdness & Mutations

You have a beak for a mouth.
You have claws for feet.
Your magical nature lets you fly swiftly and evasively.


   Skills:
 - Level 2.0 Fighting
 + Level 10.0 Bows
 - Level 2.1 Dodging
 - Level 1.0 Stealth


You had 6 spell levels left.
You didn't know any spells.
Your spell library contained the following spells:

 Spells                   Type           Power      Damage    Failure   Level
 Summon Small Mammal      Summ           0%         N/A       38%         1
 Call Canine Familiar     Summ           0%         N/A       77%         3
 Ignite Poison            Fire/Tmut/Pois 0%         N/A       77%         3
 Mephitic Cloud           Conj/Pois/Air  0%         N/A       77%         3
 Summon Guardian Golem    Hex/Summ       0%         N/A       77%         3
 Freezing Cloud           Conj/Ice/Air   0%         6-21      100%        5

Inventory:

Hand Weapons
 a - a +1 shortbow (weapon) {bow}
 d - a +3 dagger {short}
   (You took it off an orc on level 3 of the Dungeon)
 r - a +2 dagger of venom {short}
   (You took it off an orc wizard on level 3 of the Dungeon)
Armour
 m - a +2 hat (worn)
   (You found it on level 3 of the Dungeon)
 A - a +2 robe of willpower (worn)
   (You took it off an orc wizard on level 4 of the Dungeon)
 B - a +1 leather armour of cold resistance
   (You took it off Ijyb on level 4 of the Dungeon)
Jewellery
 l - a ring of ice
   (You found it on level 2 of the Dungeon)
Wands
 u - a wand of iceblast (5)
   (You found it on level 4 of the Dungeon)
 C - a wand of acid (9)
   (You took it off Ijyb on level 4 of the Dungeon)
Scrolls
 c - a scroll of immolation {!r!r}
 f - a scroll of enchant weapon {unknown}
 h - a scroll of identify {unknown}
 i - a scroll of fog {unknown}
 k - a scroll of noise {unknown}
 n - a scroll of magic mapping {unknown}
 p - 5 scrolls of teleportation {unknown}
Potions
 b - a potion of brilliance {unknown}
 e - a potion of heal wounds {unknown}
 g - a potion of might
 j - a potion of attraction {!q}

Dungeon Overview and Level Annotations

Branches:
Dungeon (5/15)             Temple (0/1) D:4

Altars:
Elyvilon
Fedhas
Wu Jian
Yredelemnul
The Shining One

Shops:
D:1

! ######### #.......###
#..###....# #..###....#
#..#......####
#..#........>## ######
#..#..<.......# #....#
#..........@..###.#########
######....###.......###.#.#
#....# #####c####^^..#
#....#######)#..'^^._#
#.####......)..##....# #.#
#......######.#^# ...
#......## ##### #.).<...#
#.......#


You could see a centaur.


Message History

HP[-8]
You take 8 damage, and now have 22/40 hp.
Shoot: a) +1 shortbow {bow}
Press: ? - help, Q - select action, (/) - cycle Shift-Dir - straight line, f/p - iguana
Aim: an iguana (lightly wounded, 70% to hit)
You shoot an arrow. The arrow hits the iguana.
The iguana closely misses you.
Shoot: a) +1 shortbow {bow}
Press: ? - help, Q - select action, (/) - cycle Shift-Dir - straight line, f/p - iguana
Aim: an iguana (lightly wounded, 70% to hit)
You shoot an arrow. The arrow hits the iguana.
The iguana bites you.
HP[-1]
You take 1 damage, and now have 21/40 hp.
Shoot: a) +1 shortbow {bow}
Press: ? - help, Q - select action, (/) - cycle Shift-Dir - straight line, f/p - iguana
Aim: an iguana (heavily wounded, 70% to hit)
You shoot an arrow.
The arrow hits the iguana but does no damage.
The iguana closely misses you.
Shoot: a) +1 shortbow {bow}
Press: ? - help, Q - select action, (/) - cycle Shift-Dir - straight line, f/p - iguana
Aim: an iguana (heavily wounded, 70% to hit)
You shoot an arrow.
The arrow hits the iguana but does no damage.
The iguana completely misses you.
Shoot: a) +1 shortbow {bow}
Press: ? - help, Q - select action, (/) - cycle Shift-Dir - straight line, f/p - iguana
Aim: an iguana (heavily wounded, 70% to hit)
You shoot an arrow. The arrow hits the iguana.
The iguana bites you but does no damage.
Shoot: a) +1 shortbow {bow}
Press: ? - help, Q - select action, (/) - cycle Shift-Dir - straight line, f/p - iguana
Aim: an iguana (severely wounded, 70% to hit)
You shoot an arrow. The arrow closely misses the iguana.
The iguana bites you.
* * * LOW HITPOINT WARNING * * *
HP[-4]
You take 4 damage, and now have 17/40 hp.
Shoot: a) +1 shortbow {bow}
Press: ? - help, Q - select action, (/) - cycle Shift-Dir - straight line, f/p - iguana
Aim: an iguana (severely wounded, 70% to hit)
You shoot an arrow. The arrow hits the iguana!
You kill the iguana!
Fedhas appreciates your contribution to the ecosystem.
Your Bows skill increases to level 10!
HP[+1] Shoot: a) +1 shortbow {bow}
Press: ? - help, Q - select action, (/) - cycle Shift-Dir - straight line, f - you That would be overly suicidal.
Okay, then.
Shoot: a) +1 shortbow {bow}
Press: ? - help, Q - select action, (/) - cycle Shift-Dir - straight line, f - you That would be overly suicidal.
Okay, then.
You start resting.
A centaur comes into view.
HP[+1] Shoot: a) +1 shortbow {bow}
Press: ? - help, Q - select action, (/) - cycle Shift-Dir - straight line, f - centaur
Aim: a centaur (wandering, hasn't noticed you, 77% to hit)
You shoot an arrow. The arrow barely misses the centaur.
The centaur shouts!
The centaur wields a +0 shortbow.
The centaur shoots an arrow.
The arrow hits you!
* * * LOW HITPOINT WARNING * * *
The centaur shoots an arrow.
The arrow closely misses you.
HP[-8]
You take 8 damage, and now have 11/40 hp.
Shoot: a) +1 shortbow {bow}
Press: ? - help, Q - select action, (/) - cycle Shift-Dir - straight line, f/p - centaur
Aim: a centaur, wielding a +0 shortbow (77% to hit)
You shoot an arrow. The arrow barely misses the centaur.
The centaur shoots an arrow.
The arrow misses you.
Shoot: a) +1 shortbow {bow}
Press: ? - help, Q - select action, (/) - cycle Shift-Dir - straight line, f/p - centaur
Aim: a centaur, wielding a +0 shortbow (77% to hit)
You shoot an arrow. The arrow barely misses the centaur.
The centaur shoots an arrow.
The arrow closely misses you.
The centaur shoots an arrow.
The arrow barely misses you.
Shoot: a) +1 shortbow {bow}
Press: ? - help, Q - select action, (/) - cycle Shift-Dir - straight line, f/p - centaur
Aim: a centaur, wielding a +0 shortbow (77% to hit)
You shoot an arrow.
The arrow hits the centaur but does no damage.
The centaur shoots an arrow.
The arrow closely misses you.
Shoot: a) +1 shortbow {bow}
Press: ? - help, Q - select action, (/) - cycle Shift-Dir - straight line, f/p - centaur
Aim: a centaur, wielding a +0 shortbow (77% to hit)
You shoot an arrow. The arrow hits the centaur!
The centaur shoots an arrow.
The arrow hits you!
* * * LOW HITPOINT WARNING * * *
The centaur shoots an arrow.
The arrow closely misses you.
HP[-9]
You take 9 damage, and now have 2/40 hp.
MASSIVE DAMAGE!! (PAUSE) HP[+1]
The centaur shoots an arrow.
The arrow hits you!
You die...
Fedhas appreciates your contribution to the ecosystem.

Skill      XL: |  1  2  3  4  5  6  7 |
---------------+----------------------+-----
Bows           | 5 6 7 8 10 | 10.0
Fighting       | |  2.0
Dodging        | |  2.1
Stealth        | |  1.0

Action                   |  1- 3 |  4- 6 |  7- 9 || total
-------------------------+-------+-------+-------++-------
 Fire: Shortbow          |    83 |   110 |    54 ||   247
  Use: Potion            |       |       |     4 ||     4
Armor: Leather armour    |     8 |     7 |       ||    15
       Robe              |       |       |     5 ||     5
Dodge: Dodged            |    32 |    22 |    31 ||    85

Levels and vault maps discovered:
D:1:      ncdulo_halloftheorcs, layout_rooms, serial_shops,
          nicolae_shop_crystal, dreamdust_ecumenical_altar_sealed_demon,
          serial_forest, infiniplex_forest_end_2, infiniplex_forest_lined_2,
          infiniplex_forest_clump_small, infiniplex_forest_lined_corner,
          infiniplex_forest_split, infiniplex_forest_lined_3,
          infiniplex_forest_straight_4, infiniplex_forest_zigzag_2,
          infiniplex_forest_zigzag_1, corexii_leaking_fountain
D:2:      layout_loops_ring, minmay_misc_feat_five, uniq_terence
D:3:      layout_loops_ring, mainiacjoe_overflow_24_doors
D:4:      layout_loops_ring, tso_altar, nicolae_wu_jian_immortal_techniques,
          fedhas_altar_fruit_tree, minmay_temple_entry_junction,
          hangedman_abyss_or_decor_stagger, uniq_ijyb
D:5:      layout_loops_cross, yredelemnul_forgotten_temple_becter

Notes
Turn   | Place    | Note
-------+----------+-------------------------------------------
     0 | D:1      | zeratav the Tengu Hunter began the quest for the Orb.
     0 | D:1      | Reached XP level 1. HP: 12/12 MP: 2/2
     0 | D:1      | magus.rc [v1.9.6]
    42 | D:1      | Reached XP level 2. HP: 12/17 MP: 3/3
   145 | D:1      | Reached skill level 5 in Bows
   326 | D:1      | Found Zupoadu's Distillery.
   338 | D:1      | Bought a potion of degeneration for 11 gold pieces
   423 | D:1      | Reached XP level 3. HP: 21/21 MP: 4/4
   714 | D:1      | Found a faded altar of an unknown god.
  1020 | D:2      | Noticed Terence
  1038 | D:2      | HP: 3/21 [Terence/+0 hand axe (6)]
  1041 | D:2      | Killed Terence
  1042 | D:2      | Reached skill level 6 in Bows
  1042 | D:2      | Reached XP level 4. HP: 5/26 MP: 5/5
  1433 | D:2      | You pick up a book of Callings and begin reading...
  1433 | D:2      | You add the spells Summon Small Mammal, Call Canine
                  | Familiar and Summon Guardian Golem to your library.
  1676 | D:3      | Found a white marble altar of Elyvilon.
  1676 | D:3      | Noticed an ogre
  2061 | D:3      | Killed an ogre
  2062 | D:3      | Reached skill level 7 in Bows
  2062 | D:3      | Gained mutation: Your magical nature lets you fly swiftly
                  | and evasively. [Tengu growth]
  2062 | D:3      | Reached XP level 5. HP: 9/30 MP: 6/6
  2395 | D:3      | You add the spells Ignite Poison, Mephitic Cloud and
                  | Freezing Cloud to your library.
  2793 | D:4      | Reached skill level 8 in Bows
  2793 | D:4      | Reached XP level 6. HP: 34/35 MP: 7/7
  2878 | D:4      | Found an ornate altar of the Wu Jian Council.
  3175 | D:4      | Found a blossoming altar of Fedhas.
  3185 | D:4      | Became a worshipper of Fedhas Madash
  3240 | D:4      | Noticed Ijyb
  3244 | D:4      | Killed Ijyb
  3336 | D:4      | Reached XP level 7. HP: 40/40 MP: 8/8
  3348 | D:4      | HP: 9/40 [poisoned by a scorpion]
  3350 | D:4      | Reached skill level 9 in Bows
  3350 | D:4      | HP: 4/40 [poisoned by a scorpion]
  3352 | D:4      | HP: 1/40 [poisoned by a scorpion]
  3631 | D:4      | Found a staircase to the Ecumenical Temple.
  3801 | D:4      | Found a glowing golden altar of the Shining One.
  3957 | D:5      | Entered Level 5 of the Dungeon
  4008 | D:5      | Found a basalt altar of Yredelemnul.
  4060 | D:5      | Reached skill level 10 in Bows
  4072 | D:5      | HP: 2/40 [centaur/arrow (9)]
  4078 | D:5      | Shot with an arrow by a centaur

Vanquished Creatures
  An ogre (D:3)
  A phantom (D:5)
  A necrophage (D:4)
  3 scorpions
  A jelly (D:5)
  Terence (D:2)
  An iguana (D:5)
  3 orc wizards
  Ijyb (D:4)
  2 adders
  A dart slug (D:2)
  17 orcs
  5 ball pythons
  4 bats
  6 endoplasms
  A giant cockroach (D:4)
  6 goblins
  6 hobgoblins
  7 jackals
  5 kobolds
  5 quokkas
  A frilled lizard (D:2)
  9 rats
  A spectral orc (D:5)
89 creatures vanquished.

Vanquished Creatures (others)
  A plant (D:1)
1 creature vanquished.

Grand Total: 90 creatures vanquished

Table legend:
 A = Non-vault XP
 B = Vault XP
 C = Vault XP percentage of total XP
 D = Non-vault monster count
 E = Vault monster count
 F = Vault count percentage of total count
                 A         B        C        D         E       F
            +---------+---------+-------+---------+---------+-------
      Total |     922 |      72 |   7.2 |      86 |       3 |   3.4
            +---------+---------+-------+---------+---------+-------
        D:1 |      40 |       0 |   0.0 |      22 |       0 |   0.0
        D:2 |      42 |      36 |  46.2 |      19 |       1 |   5.0
        D:3 |     178 |       0 |   0.0 |      10 |       0 |   0.0
        D:4 |     379 |      35 |   8.5 |      26 |       1 |   3.7
        D:5 |     283 |       1 |   0.4 |       9 |       1 |  10.0
            +---------+---------+-------+---------+---------+-------

Illustrated notes

Table legend:
 A = Kills in this place as a percentage of kills in entire the game.
 B = Kills by you in this place as a percentage of kills by you in the entire game.
 C = Kills by friends in this place as a percentage of kills by friends in the entire game.
 D = Other kills in this place as a percentage of other kills in the entire game.
 E = Experience gained in this place as a percentage of experience gained in the entire game.
 F = Experience gained in this place divided by the number of levels of this place that you have seen.
                   A       B       C       D       E      F
               +-------+-------+-------+-------+-------+----------------------
         Total | 100.0 | 100.0 |   N/A |   N/A | 100.0 | 198.8
       Dungeon | 100.0 | 100.0 |   N/A |   N/A | 100.0 | 198.8
               +-------+-------+-------+-------+-------+----------------------

Table legend: (Time is in decaauts)
 A = Elapsed time spent in this place.
 B = Non-inter-level travel time spent in this place.
 C = Inter-level travel time spent in this place.
 D = Time resting spent in this place.
 E = Time spent auto-exploring this place.
 F = Levels seen in this place.
 G = Mean time per level.
                   A        B        C        D        E       F      G
               +--------+--------+--------+--------+--------+-----+--------+
         Total |   4006 |   3860 |    146 |    537 |   2789 |   5 |  801.2 |
       Dungeon |   4006 |   3860 |    146 |    537 |   2789 |   5 |  801.2 |
               +--------+--------+--------+--------+--------+-----+--------+

Top non-repeatable levels by time:
     D:4: 1136 daAuts
     D:2: 1061 daAuts
     D:3: 876 daAuts
     D:1: 817 daAuts
     D:5: 114 daAuts
